 Dungeon Crawl Stone Soup version 0.23.1-37-gaa34b87b72 (webtiles) character file.

Game seed: 10532915146756657366

179 GGGomer the Skirmisher (level 5, -4/47 HPs)
             Began as a Hill Orc Fighter on Mar 21, 2019.
             Was an Initiate of Nemelex Xobeh.
             Slain by an orc warrior
             ... wielding a +0 glaive
              (9 damage)
             ... on level 3 of the Dungeon.
             The game lasted 00:05:46 (1773 turns).

GGGomer the Skirmisher (Hill Orc Fighter)           Turns: 1773, Time: 00:05:47

Health: -4/47      AC:  7    Str: 20    XL:     5   Next: 59%
Magic:  0/5        EV:  7    Int:  8    God:    Nemelex Xobeh [......]
Gold:   114        SH:  9    Dex: 10    Spells: 4/4 levels left

rFire    . . .     SeeInvis .   a - +1 war axe
rCold    . . .     Gourm    .   c - +0 shield
rNeg     . . .     Faith    .   b - +0 scale mail
rPois    .         Spirit   +   (no helmet)
rElec    .         Reflect  .   o - scarf {Spirit}
rCorr    .         Harm     .   (no gloves)
MR       .....                  (no boots)
Stlth    ..........             (no amulet)
HPRegen  0.15/turn              (no ring)
MPRegen  0.09/turn              (no ring)

@: no status effects
A: no striking features
a: Draw Escape, Draw Destruction, Draw Summoning, Renounce Religion, Convert to
Beogh


You were on level 3 of the Dungeon.
You worshipped Nemelex Xobeh.
Nemelex Xobeh was noncommittal.
You were not hungry.

You visited 1 branch of the dungeon, and saw 3 of its levels.

You collected 114 gold pieces.

Inventory:

Hand Weapons
 a - a +1 war axe (weapon)
Armour
 b - a +0 scale mail (worn)
 c - a +0 shield (worn)
 o - a scarf of spirit shield (worn)
Scrolls
 g - a scroll of identify {unknown}
 h - a scroll of blinking {unknown}
 k - a scroll of teleportation
 l - a scroll of enchant weapon
 n - a scroll of fog {unknown}
Potions
 d - a potion of might
 e - 2 potions of flight {unknown}
 i - 2 potions of haste {unknown}
 j - 3 potions of curing {unknown}
 m - 2 potions of lignification {unknown}
Comestibles
 f - a ration


   Skills:
 * Level 4.9 Fighting
 * Level 4.4 Axes
 * Level 4.3 Armour
 + Level 0.9 Dodging
 + Level 3.9 Shields


You had 4 spell levels left.
You didn't know any spells.
Your spell library was empty.

Dungeon Overview and Level Annotations

Branches:
Dungeon (3/15)

Altars:
Nemelex Xobeh
Qazlal
Uskayaw


Message History

Your shield prevents you from hitting the orc warrior.
You barely miss the orc priest.
The orc warrior hits you with a +0 glaive!
* * * LOW HITPOINT WARNING * * *
The orc priest hits you but does no damage.
The orc priest shouts, "Beogh is our master!
Accept the truth or die!"
The orc priest shouts, "Join the one true god or die!"
You slash the orc warrior!
The orc warrior is heavily wounded.
You closely miss the orc priest. The orc priest hits you with a +0 whip.
* * * LOW HITPOINT WARNING * * *
You block the orc warrior's attack.
You closely miss the orc warrior.
The orc warrior is heavily wounded.
The orc priest shouts, "Beogh is our master!
Accept the truth or die!"
You hit the orc priest.
The orc priest looks satisfied for a moment.
The orc warrior hits you with a +0 glaive!
You die...
Your body disappears without a glow.

. .. ..o ....
.....
......#####
<....ooo@.#
...######o# #.#
### #.#
#.......##.#
....>##.##.#
#####.#..##.##.#
.....)#..##.##.#
.#.##.#..##.##.#


You could see an orc warrior, an orc priest and 2 orcs.

Vanquished Creatures
  A bullfrog (D:2)
  A jelly (D:2)
  2 adders
  A worm (D:2)
  2 dart slugs
  3 leopard geckos
  2 orcs (D:3)
  5 giant cockroaches
  7 goblins
  3 hobgoblins
  7 kobolds
  2 ball pythons (D:3)
  9 bats
  3 frilled lizards
  7 rats
55 creatures vanquished.

Notes
Turn   | Place    | Note
-------+----------+-------------------------------------------
     0 | D:1      | GGGomer the Hill Orc Fighter began the quest for the Orb.
     0 | D:1      | Reached XP level 1. HP: 19/19 MP: 1/1
   216 | D:1      | Reached XP level 2. HP: 24/27 MP: 2/2
   651 | D:2      | Reached XP level 3. HP: 32/33 MP: 3/3
   815 | D:2      | Found a hide-covered altar of Uskayaw.
   902 | D:2      | Noticed a bullfrog
   907 | D:2      | Killed a bullfrog
   907 | D:2      | Reached XP level 4. HP: 35/41 MP: 4/4
   986 | D:2      | Reached XP level 5. HP: 43/47 MP: 5/5
  1025 | D:2      | Found a sparkling altar of Nemelex Xobeh.
  1026 | D:2      | Found a stormy altar of Qazlal.
  1349 | D:2      | Became a worshipper of Nemelex Xobeh the Trickster
  1672 | D:3      | Received a gift from Nemelex Xobeh
  1755 | D:3      | Noticed an orc warrior
  1773 | D:3      | Slain by an orc warrior

Skill      XL: |  1  2  3 |
---------------+----------+-----
Axes           | 3 4 |  4.4
Fighting       | 4 |  4.9
Armour         | 4 |  4.3
Dodging        | |  0.9
Shields        | |  3.9

Action                   |  1- 3 |  4- 6 || total
-------------------------+-------+-------++-------
Melee: War axe           |    87 |    76 ||   163
  Use: Scroll            |       |     2 ||     2
  Eat: Ration            |       |     1 ||     1
       Chunk             |       |     1 ||     1
Armor: Scale mail        |    54 |    44 ||    98
Dodge: Dodged            |    34 |    30 ||    64
Block: Shield            |    36 |    56 ||    92
